Map: King's Cove LE

Players

Skeptic - Winner!

  • Race: Protoss Protoss
  • League: Master
  • Spawn Location: 5:00

Mez

  • Race: Terran Terran
  • League: Master
  • Spawn Location: 11:00

VOD

Have the link to the VOD?

Description

Time

  • Played on: Aug. 7, 2019, 2:07 p.m.
  • Length: 9:07
Show
View Real Time Build Order
Export as new Build Order

Skeptic Protoss - Winner!

Build Orders: Cannon Rush 

Get SALT Encoding   

  12  0:01  Probe  
  13  0:13  Probe  
  14  0:18  Pylon  
  14  0:25  Probe  
  15  0:36  Forge  
  15  0:37  Probe  
  16  0:45  Probe  
  17  1:06  Pylon  
  17  1:08  Pylon  
  17  1:09  Pylon  
  17  1:25  Photon Cannon  
  17  1:27  Gateway  
  17  1:34  Photon Cannon  
  17  1:46  Photon Cannon  
  17  1:57  Photon Cannon  
  16  2:05  Zealot, Photon Cannon  
  18  2:20  Probe  
  18  2:21  Photon Cannon x2  
  18  2:35  Zealot  
  20  2:40  Probe  
  21  2:50  Cybernetics Core  
  19  2:51  Assimilator  
  19  2:53  Probe  
  19  2:55  Assimilator  
  21  3:05  Probe  
  21  3:22  Pylon  
  21  3:23  Probe  
  20  3:31  Probe  
  20  3:39  Probe  
  22  3:52  Photon Cannon  
  22  3:58  Stargate  
  22  4:07  Photon Cannon  
  22  4:09  Probe  
  23  4:21  Probe  
  24  4:27  Shield Battery  
  24  4:29  Shield Battery  
  24  4:34  Photon Cannon  
  24  4:37  Void Ray  
  24  4:40  Photon Cannon  
  24  4:52  Photon Cannon  
  29  5:07  Probe  
  29  5:19  Probe  
  30  5:44  Pylon  
  30  5:47  Shield Battery  
  30  5:53  Fleet Beacon  
  30  5:56  Shield Battery  
  30  6:03  Oracle  
  33  6:24  Shield Battery  
  33  6:27  Tempest  
  33  6:28  Pylon  
  33  6:43  Stargate  
  38  6:56  Shield Battery  
  38  6:58  Shield Battery  
  38  7:03  Tempest  
  43  7:38  Pylon  
  43  7:40  Tempest, Pylon  
  44  8:04  Shield Battery x2  
  44  8:05  Shield Battery  
  44  8:14  Tempest  
  49  8:32  Shield Battery  
Show
View Real Time Build Order
Export as new Build Order

Mez Terran 

Build Orders:  

Get SALT Encoding   

  12  0:01  SCV  
  13  0:13  SCV  
  14  0:18  Supply Depot  
  14  0:25  SCV  
  15  0:40  SCV  
  15  0:41  Barracks  
  16  0:46  Refinery  
  16  0:52  SCV  
  18  1:04  SCV  
  18  1:14  Supply Depot  
  18  1:29  Marine  
  18  1:32  Bunker  
  19  1:52  Marine, Orbital Command  
  19  2:28  SCV  
  20  2:34  Marine  
  20  2:40  SCV  
  21  2:46  Factory, Refinery  
  21  2:52  Marine  
  21  2:53  SCV  
  23  3:20  Supply Depot  
  23  3:30  Factory Tech Lab  
  23  3:33  SCV  
  23  3:41  Marine  
  23  3:52  Cyclone  
  27  3:55  SCV  
  27  3:57  Starport  
  27  3:58  Supply Depot  
  27  4:03  Barracks Reactor  
  27  4:07  SCV  
  27  4:19  SCV  
  28  4:24  Cyclone  
  31  4:32  SCV  
  32  4:41  Starport Reactor  
  32  4:43  Viking  
  32  4:44  Marine x2  
  35  5:03  Cyclone  
  38  5:08  Marine  
  38  5:10  Marine  
  38  5:13  SCV  
  38  5:25  Viking  
  38  5:26  Command Center  
  36  5:49  SCV  
  37  5:50  Marine x2  
  39  6:09  Supply Depot  
  39  6:10  Supply Depot  
  39  6:31  Siege Tank  
  44  6:39  Orbital Command  
  42  6:42  Barracks  
  42  6:43  Barracks  
  42  6:49  Barracks Tech Lab  
  42  7:01  Viking x2  
  44  7:02  Orbital Command  
  44  7:03  Siege Tank  
  46  7:31  Viking  
  46  7:33  Viking  
  48  7:57  Cyclone  
  46  8:07  SCV x2  
  46  8:10  Marine  
  46  8:11  Marine  
  48  8:27  Viking  
  41  8:54  SCV x2  
Tags
 
Add a new tag
Caveats
  • Supply blocks, unpowered buildings, or Contaminate may cause inaccurate times.
  • Supply counts are checked every 10 seconds.